 Dungeon Crawl Stone Soup version 0.29-a0-283-ga02f740833 (webtiles) character file.

Game seed: 13228121890829709314

2825 enile the Protected (level 9, -3/55 (68) HPs)
             Began as a Gnoll Wanderer on Mar 14, 2022.
             Was an Initiate of Ashenzari.
             Slain by a wight
             ... wielding a +4 great sword
              (9 damage)
             ... on level 6 of the Dungeon.
             The game lasted 00:19:49 (5817 turns).

enile the Protected (Gnoll Wanderer)                Turns: 5817, Time: 00:19:50

HP:   -3/55 (68)    AC: 12    Str: 14      XL:     9   Next: 73%
MP:   6/15          EV: 11    Int: 10 (11) God:    Ashenzari [......]
Gold: 330           SH:  0    Dex: 16 (19) Spells: 14/17 levels left

rFire   x . .      SeeInvis +   v - +3 falchion (freeze)
rCold   + . .      Faith    .   (no shield)
rNeg    . . .      Spirit   .   c - +0 scale mail
rPois   .          Reflect  .   (helmet restricted)
rElec   +          Harm     .   (no cloak)
rCorr   .          Rampage  .   (no gloves)
Will    +....      Clarity  +   A - +1 pair of boots
Stlth   +.........              e - amulet of regeneration
HPRegen 0.98/turn               u - ring of Tender Moments {Ice rElec Will+ Dex+5 SInv}
MPRegen 0.14/turn               (no ring)

@: brilliant, flying, heavily drained
A: fangs 1, strong nose, distributed training, horns 1, iridescent scales 1,
clarity, subdued magic 1
a: Renounce Religion, Curse Item


You were on level 6 of the Dungeon.
You worshipped Ashenzari.
Ashenzari was noncommittal.
You visited 2 branches of the dungeon, and saw 7 of its levels.
You also visited: Ossuary.

You collected 330 gold pieces.

Inventory:

Hand Weapons
 a - a +2 quarterstaff
 b - a +0 short sword
 g - a +2 scimitar
 v - a +3 falchion of freezing (weapon)
 y - a +0 hand crossbow
Missiles
 j - 10 poisoned darts (quivered)
Armour
 c - a +0 scale mail (worn)
 k - a +1 robe of the Archmagi
 l - a +1 robe of willpower
 x - a scarf of resistance
 z - a +3 leather armour of poison resistance
 A - a +1 pair of boots (worn)
Jewellery
 e - an amulet of regeneration (around neck)
 n - a ring of see invisible
 u - the ring of Tender Moments (left hand) {Ice rElec Will+ Dex+5 SInv}
   (You took it off an orc on level 5 of the Dungeon)

   [ring of ice]

   It enhances your ice magic.
   Dex:       It affects your dexterity (+5).
   rF:        It makes you vulnerable to fire.
   rC:        It protects you from cold.
   rElec:     It insulates you from electricity.
   SInv:      It lets you see invisible.
   Will:      It increases your willpower.
 w - a ring of wizardry
Scrolls
 m - a scroll of amnesia
 o - a scroll of identify
 p - a scroll of enchant armour
 q - a scroll of vulnerability
Potions
 h - 2 potions of attraction


   Skills:
 + Level 5.3 Fighting
 + Level 6.5 Short Blades
 + Level 4.5 Long Blades
 + Level 4.5 Axes
 + Level 4.5 Maces & Flails
 + Level 4.5 Polearms
 + Level 8.0 Staves
 + Level 4.5 Slings
 + Level 4.5 Bows
 + Level 4.5 Crossbows
 + Level 5.3 Throwing
 + Level 8.0 Armour
 + Level 4.5 Dodging
 + Level 4.5 Stealth
 + Level 4.5 Shields
 + Level 4.5 Unarmed Combat
 + Level 4.5 Spellcasting
 + Level 3.7 Conjurations
 + Level 3.7 Hexes
 + Level 3.7 Summonings
 + Level 3.7 Necromancy
 + Level 3.7 Translocations
 + Level 3.7 Transmutations
 + Level 3.7 Fire Magic
 + Level 3.7 Ice Magic
 + Level 3.7 Air Magic
 + Level 3.7 Earth Magic
 + Level 3.7 Poison Magic
 + Level 5.0 Invocations
 + Level 4.5 Evocations


You had 14 spell levels left.
You knew the following spells:

 Your Spells              Type           Power      Damage    Failure   Level
a - Call Canine Familiar  Summ           11%        N/A       43%         3

Your spell library contained the following spells:

 Spells                   Type           Power      Damage    Failure   Level
 Summon Small Mammal      Summ           44%        N/A       16%         1
 Summon Guardian Golem    Hex/Summ       11%        N/A       43%         3


Dungeon Overview and Level Annotations

Branches:
Dungeon (6/15)             Temple (1/1) D:4         Ossuary (visited)

Altars:
Ashenzari
Cheibriados
Dithmenos
Elyvilon
Fedhas
Gozag
Hepliaklqana
Kikubaaqudgha
Nemelex Xobeh
Okawaru
Qazlal
Ru
Sif Muna
Trog
Uskayaw
Vehumet
Wu Jian
Xom
Yredelemnul
Zin
The Shining One


Innate Abilities, Weirdness & Mutations

You have very sharp teeth.
Your uncanny sense of smell can sniff out nearby items.
Your experience applies equally to all skills.
You have a pair of small horns on your head.
You are partially covered in iridescent scales. (AC +2)
You possess an exceptional clarity of mind.
Your spells are a little easier to cast, but a little less powerful.


Message History

The floor.
You feel better.
You feel better.
The wight hits you with a +4 great sword.
You feel better. The wight barely misses you.
You hit the nameless horror. You freeze the nameless horror.
You bite the nameless horror, but do no damage.
The nameless horror is moderately damaged.
The wight hits you with a +4 great sword!
You feel drained. The nameless horror barely misses you.
You slash the nameless horror! You freeze the nameless horror.
You headbutt the nameless horror, but do no damage.
You bite the nameless horror, but do no damage.
The nameless horror is severely damaged.
The wight hits you but does no damage. The nameless horror hits you.
You feel your power leaking away.
Okay, then.
You feel very buoyant.
You fly up into the air.
The wight hits you but does no damage.
The nameless horror hits you but does no damage.
You hit the nameless horror. You freeze the nameless horror.
You destroy the nameless horror!
That felt strangely unrewarding.
The wight hits you with a +4 great sword.
The wight attacks as you move away!
The wight hits you with a +4 great sword.
You feel drained. The wight attacks as you move away!
The wight hits you with a +4 great sword!
* * * LOW HITPOINT WARNING * * *
You feel drained.
* * * LOW HITPOINT WARNING * * *
The wight attacks as you move away!
The wight hits you with a +4 great sword.
* * * LOW HITPOINT WARNING * * *
You feel drained.
* * * LOW HITPOINT WARNING * * *
The wight attacks as you move away!
The wight hits you with a +4 great sword!
You die...

...# #....zKKz#
.....
#z######.####
...## #.#
####....# ...#
#K###.##.###.#
##... #K##.....#
.....
#z###z##.###
####. #.#
#.##K..
#z###.##.###
##.@.......#
#.......##.#
#.#.##..# .# #
#.#.##K.# .# ##
#.#.#...##.# .#
###.#........##
.+
..............'.
.#
###........####.
..h.. ##
##.##.#..# K..


You could see a kobold brigand, 3 wights and a kobold.

Vanquished Creatures
  Pikel (D:5)
  2 wraiths (Ossuary)
  Eustachio (D:4)
  A steam dragon (D:6)
  Edmund (D:5)
  A nameless horror (D:6)
  Duvessa (D:5)
  An ice beast (D:5)
  A black bear (D:5)
  2 ogres
  A kobold brigand (D:4)
  3 necrophages
  2 scorpions (D:5)
  4 wights
  Dowan (D:5)
  6 killer bees (D:5)
  A gnoll shaman (D:5)
  2 hounds
  Jessica (D:2)
  5 adders
  11 gnolls
  2 ufetubi
  4 dart slugs
  11 orcs
  6 ball pythons
  2 bats
  7 endoplasms
  4 giant cockroaches
  4 goblins
  4 hobgoblins
  3 jackals (D:2)
  3 quokkas
  2 ball python skeletons (Ossuary)
  5 frilled lizards
  A hobgoblin skeleton (Ossuary)
  2 hobgoblin zombies (Ossuary)
  8 kobolds
  2 kobold zombies (Ossuary)
  An orc skeleton (Ossuary)
  2 orc zombies (Ossuary)
  A quokka zombie (D:5)
  4 rats
  A rat zombie (D:5)
  A spectral goblin (D:1)
129 creatures vanquished.

Notes
Turn   | Place    | Note
-------+----------+-------------------------------------------
     0 | D:1      | enile the Gnoll Wanderer began the quest for the Orb.
     0 | D:1      | enile set off with the following items: a +2 quarterstaff,
                  | a +0 short sword, a +0 scale mail, a potion of brilliance
     0 | D:1      | Reached XP level 1. HP: 17/17 MP: 1/1
   132 | D:1      | Reached XP level 2. HP: 23/23 MP: 2/2
   209 | D:1      | You fall into a shaft and drop 1 floor!
   256 | D:2      | Noticed Jessica
   583 | D:1      | Found a faded altar of an unknown god.
   693 | D:1      | Prayed at the altar of an unknown god.
   693 | D:1      | Became a worshipper of Dithmenos the Shadowed
   693 | D:1      | Reached * piety under Dithmenos
   829 | D:1      | Reached XP level 3. HP: 28/28 MP: 3/3
  1192 | D:1      | Reached skill level 1 in Invocations
  1252 | D:2      | Killed Jessica
  1253 | D:2      | Reached skill level 1 in Long Blades
  1253 | D:2      | Reached skill level 1 in Axes
  1253 | D:2      | Reached skill level 1 in Maces & Flails
  1253 | D:2      | Reached skill level 1 in Polearms
  1253 | D:2      | Reached skill level 1 in Slings
  1253 | D:2      | Reached skill level 1 in Bows
  1253 | D:2      | Reached skill level 1 in Crossbows
  1253 | D:2      | Reached skill level 1 in Dodging
  1253 | D:2      | Reached skill level 1 in Stealth
  1253 | D:2      | Reached skill level 1 in Shields
  1253 | D:2      | Reached skill level 1 in Unarmed Combat
  1253 | D:2      | Reached skill level 1 in Spellcasting
  1253 | D:2      | Reached skill level 1 in Evocations
  1253 | D:2      | Reached XP level 4. HP: 25/34 MP: 5/5
  2093 | D:3      | Reached skill level 1 in Conjurations
  2093 | D:3      | Reached skill level 1 in Hexes
  2093 | D:3      | Reached skill level 1 in Summonings
  2093 | D:3      | Reached skill level 1 in Necromancy
  2093 | D:3      | Reached skill level 1 in Translocations
  2093 | D:3      | Reached skill level 1 in Transmutations
  2093 | D:3      | Reached skill level 1 in Fire Magic
  2093 | D:3      | Reached skill level 1 in Ice Magic
  2093 | D:3      | Reached skill level 1 in Air Magic
  2093 | D:3      | Reached skill level 1 in Earth Magic
  2093 | D:3      | Reached skill level 1 in Poison Magic
  2136 | D:3      | Reached ** piety under Dithmenos
  2223 | D:3      | Reached XP level 5. HP: 39/39 MP: 6/6
  2541 | D:4      | Found a staircase to the Ecumenical Temple.
  2542 | D:4      | Noticed an ogre
  2550 | D:4      | HP: 2/40 [ogre/+0 giant club (18)]
  3023 | Temple   | Entered the Ecumenical Temple
  3127 | Temple   | Fell from the grace of Dithmenos
  3127 | Temple   | Became a worshipper of Ashenzari the Shackled
  3182 | D:5      | Entered Level 5 of the Dungeon
  3249 | D:5      | Reached XP level 6. HP: 44/47 MP: 8/8
  3266 | D:5      | Noticed Edmund
  3324 | D:5      | Killed Edmund
  3325 | D:5      | Reached skill level 5 in Short Blades
  3330 | D:5      | Reached XP level 7. HP: 46/46 MP: 8/10
  3365 | D:5      | Gained mutation: Your spells are a little easier to cast,
                  | but a little less powerful. [potion of mutation]
  3365 | D:5      | Gained mutation: You possess an exceptional clarity of
                  | mind. [potion of mutation]
  3365 | D:5      | Gained mutation: You have a pair of small horns on your
                  | head. [potion of mutation]
  3365 | D:5      | Gained mutation: You are partially covered in iridescent
                  | scales. (AC +2) [potion of mutation]
  3372 | D:5      | Noticed Eustachio
  3448 | D:5      | Noticed Pikel
  3452 | D:5      | Found a sand-covered staircase.
  3470 | Ossuary  | Entered an ossuary
  3598 | Ossuary  | Noticed a wraith
  3598 | Ossuary  | Noticed a flying skull
  3609 | Ossuary  | Noticed a flying skull
  3611 | Ossuary  | Noticed a flying skull
  3637 | Ossuary  | Noticed a flying skull
  3691 | Ossuary  | Noticed a wraith
  3695 | Ossuary  | Killed a wraith
  3716 | Ossuary  | Noticed a wraith
  3726 | Ossuary  | Killed a wraith
  3727 | Ossuary  | Reached XP level 8. HP: 36/60 MP: 12/12
  3868 | Ossuary  | Noticed a cyan ugly thing
  3868 | Ossuary  | Noticed a cyclops
  4050 | D:5      | Killed Pikel
  4175 | D:5      | Identified the ring of Tender Moments {Ice rElec Will+
                  | Dex+5 SInv}
  4435 | D:5      | Noticed Duvessa
  4435 | D:5      | Noticed Dowan
  4474 | D:4      | Reached XP level 9. HP: 11/66 MP: 14/14
  4682 | D:4      | Noticed a shadow demon
  4682 | D:4      | Noticed a shadow demon
  4902 | D:4      | Killed Eustachio
  5080 | D:5      | Reached skill level 5 in Fighting
  5080 | D:5      | Reached skill level 5 in Throwing
  5439 | D:5      | Killed Duvessa
  5439 | D:5      | Killed Dowan
  5537 | D:6      | Noticed a boulder beetle
  5537 | D:6      | Noticed a tengu warrior
  5537 | D:6      | Noticed a tengu conjurer
  5537 | D:6      | Noticed a two-headed ogre
  5708 | D:6      | Learned a level 3 spell: Call Canine Familiar
  5798 | D:6      | Reached skill level 5 in Invocations
  5817 | D:6      | Slain by a wight

Illustrated notes

Levels and vault maps discovered:
D:1:      minmay_arrival_shattered_statue, layout_basic,
          dreamdust_ecumenical_altar_drowned_temple
D:2:      layout_basic, uniq_jessica
D:3:      layout_rooms
D:4:      layout_rooms, temple_fountains
D:5:      layout_loops_cross, enter_ossuary_4, uniq_eustachio, uniq_edmund,
          uniq_pikel, uniq_duvessa
D:6:      layout_loops_corners
Temple:   kilobyte_greek_temple

Skill      XL: |  1  2  3  4  5  6  7  8  9 |
---------------+----------------------------+-----
Invocations    | 1 2 3 4 5 |  5.0
Long Blades    | 1 2 3 4 |  4.5
Axes           | 1 2 3 4 |  4.5
Maces & Flails | 1 2 3 4 |  4.5
Polearms       | 1 2 3 4 |  4.5
Slings         | 1 2 3 4 |  4.5
Bows           | 1 2 3 4 |  4.5
Crossbows      | 1 2 3 4 |  4.5
Dodging        | 1 2 3 4 |  4.5
Stealth        | 1 2 3 4 |  4.5
Shields        | 1 2 3 4 |  4.5
Unarmed Combat | 1 2 3 4 |  4.5
Spellcasting   | 1 2 3 4 |  4.5
Evocations     | 1 2 3 4 |  4.5
Conjurations   | 1 2 3 |  3.7
Hexes          | 1 2 3 |  3.7
Summonings     | 1 2 3 |  3.7
Necromancy     | 1 2 3 |  3.7
Translocations | 1 2 3 |  3.7
Transmutations | 1 2 3 |  3.7
Fire Magic     | 1 2 3 |  3.7
Ice Magic      | 1 2 3 |  3.7
Air Magic      | 1 2 3 |  3.7
Earth Magic    | 1 2 3 |  3.7
Poison Magic   | 1 2 3 |  3.7
Fighting       | 3 4 5 |  5.3
Throwing       | 3 4 5 |  5.3
Short Blades   | 5 6 |  6.5
Staves         | 7 8 |  8.0
Armour         | 7 8 |  8.0

Action                   |  1- 3 |  4- 6 |  7- 9 || total
-------------------------+-------+-------+-------++-------
Melee: Quarterstaff      |    67 |   182 |    59 ||   308
       Bite              |     2 |    12 |    31 ||    45
       Headbutt          |       |       |    54 ||    54
       Falchion          |       |       |   192 ||   192
       Punch             |       |       |     6 ||     6
Throw: Dart              |       |       |    13 ||    13
 Cast: Call Canine Famil |       |       |     1 ||     1
Evoke: Wand              |       |       |     3 ||     3
  Use: Scroll            |     2 |     4 |     8 ||    14
       Potion            |       |     4 |    21 ||    25
 Stab: Distracted        |       |       |     1 ||     1
       Sleeping          |       |       |     1 ||     1
Armor: Scale mail        |    32 |    87 |   270 ||   389
       Skin              |       |     5 |       ||     5
Dodge: Dodged            |    29 |    99 |   309 ||   437

Table legend: (Time is in decaauts)
 A = Elapsed time spent in this place.
 B = Non-inter-level travel time spent in this place.
 C = Inter-level travel time spent in this place.
 D = Time resting spent in this place.
 E = Time spent auto-exploring this place.
 F = Levels seen in this place.
 G = Mean time per level.
                   A        B        C        D        E       F      G
               +--------+--------+--------+--------+--------+-----+--------+
         Total |   5818 |   5412 |    406 |    439 |   3402 |   8 |  727.2 |
       Dungeon |   5261 |   4862 |    399 |    400 |   3048 |   6 |  876.8 |
        Temple |    142 |    135 |      7 |      0 |    128 |   1 |  142.0 |
       Ossuary |    413 |    413 |      0 |     39 |    226 |   1 |  413.0 |
               +--------+--------+--------+--------+--------+-----+--------+

Top non-repeatable levels by time:
     D:5: 1555 daAuts
     D:1: 1158 daAuts
     D:2: 883 daAuts
     D:4: 774 daAuts
     D:3: 595 daAuts
 Ossuary: 413 daAuts
     D:6: 294 daAuts
  Temple: 142 daAuts
